 Dungeon Crawl Stone Soup version 0.29-a0-911-g88e6f02907 (webtiles) character file.

Game seed: 11961376239705962295

24 inmateoo the Insei (level 3, -2/19 HPs)
             Began as a Vine Stalker Monk on July 26, 2022.
             Succumbed to an adder's poison
             ... on level 2 of the Dungeon.
             The game lasted 00:01:12 (1580 turns).

inmateoo the Insei (Vine Stalker Monk)              Turns: 1580, Time: 00:01:13

Health: -2/19      AC:  4    Str: 15    XL:     3   Next: 2%
Magic:  3/4        EV: 12    Int: 10    God:
Gold:   21         SH:  0    Dex: 16    Spells: 2/2 levels left

rFire   . . .      SeeInvis .     - Unarmed
rCold   . . .      Faith    .   (no shield)
rNeg    . . .      Spirit   +   g - +0 leather armour
rPois   .          Reflect  .   e - +0 helmet
rElec   .          Harm     .   (no cloak)
rCorr   .          Rampage  .   (no gloves)
Will    .....                   (no boots)
Stlth   +.........              (no amulet)
HPRegen 0.06/turn               (no ring)
MPRegen 0.09/turn               (no ring)

@: confused, lethally poisoned (-2 -> -14), ambrosia-drunk, flying
A: fangs 2, magic shield, antimagic bite, no potion heal 2
a: no special abilities


You were on level 2 of the Dungeon.
You visited 1 branch of the dungeon, and saw 2 of its levels.

You collected 21 gold pieces.

Inventory:

Armour
 e - a +0 helmet (worn)
 g - a +0 leather armour (worn)
Potions
 b - a potion of ambrosia


   Skills:
 + Level 2.9 Fighting
 + Level 0.6 Armour
 + Level 2.6 Dodging
 - Level 2.4 Stealth
 * Level 3.4 Unarmed Combat


You had 2 spell levels left.
You didn't know any spells.
Your spell library was empty.

Dungeon Overview and Level Annotations

Branches:
Dungeon (2/15)

Altars:

Shops:
D:1 ?


Innate Abilities, Weirdness & Mutations

You have extremely sharp teeth.
When hurt, damage is shared between your health and your magic reserves.
Your bite disrupts and absorbs the magic of your enemies.
Potions cannot restore your health.


Message History

You miss the adder.
You feel sick. The adder barely misses you.
You hit the adder but do no damage. Your bite misses the adder.
You feel sick. The adder closely misses you.
You hit the adder.
The adder is moderately wounded.
You feel sick. The adder bites you.
You hit the adder but do no damage.
The adder is moderately wounded.
You feel sick. The adder bites you.
You are more poisoned.
The adder poisons you! The adder bites you but does no damage.
You miss the adder. Your bite misses the adder.
The adder is moderately wounded.
You feel sick. The adder closely misses you.
You barely miss the adder. Your bite misses the adder.
The adder is moderately wounded.
You feel sick. The adder bites you.
You closely miss the adder. Your bite misses the adder.
The adder is moderately wounded.
You feel sick. The adder closely misses you.
You are too injured to fight recklessly!
You barely miss the adder. Your bite misses the adder.
The adder is moderately wounded.
You feel sick. The adder bites you.
* * * LOW HITPOINT WARNING * * *
You are lethally poisoned!
The adder poisons you!
You are confused.
Your system rejects the healing.
You feel invigorated.
* * * LOW HITPOINT WARNING * * *
You feel sick. The adder bites you. The adder bites you but does no damage.
You bump into the rock wall.
* * * LOW HITPOINT WARNING * * *
You feel sick. The adder bites you.
You are more poisoned.
The adder poisons you!
It was a potion of flight.
You feel very buoyant.
You fly up into the air.
You die...

### ##### #.#
###.#.
#.########....
#........#.#S#
#.######.#.#@#
#.#<####.#.#.#.###
#.#.#............#
#.#.#.##.#.#.#.#.#
#............#.#
#.#.#.##.#.#.# #
...#.#.##.#.#.#
...#.#.#.##.#.#.#
....#.#.#.##.#.#.#


You could see an adder.

Vanquished Creatures
  A dart slug (D:1)
  A giant cockroach (D:1)
  3 goblins (D:1)
  4 hobgoblins (D:1)
  4 quokkas (D:1)
  A ball python (D:1)
  2 bats (D:1)
  A frilled lizard (D:1)
  A kobold (D:1)
  2 rats (D:1)
20 creatures vanquished.

Notes
Turn   | Place    | Note
-------+----------+-------------------------------------------
     0 | D:1      | inmateoo the Vine Stalker Monk began the quest for the Orb.
     0 | D:1      | Reached XP level 1. HP: 11/11 MP: 2/2
   663 | D:1      | Reached XP level 2. HP: 14/16 MP: 3/3
   825 | D:1      | Found Athrio's Magic Scroll Boutique.
  1322 | D:1      | Found a faded altar of an unknown god.
  1408 | D:1      | Reached XP level 3. HP: 19/19 MP: 4/4
  1580 | D:2      | Succumbed to an adder's poison

Illustrated notes

Levels and vault maps discovered:
D:1:      dpeg_arrival_pits, layout_loops_corners,
          dilly_ecumenical_altar_fadedgnrine, serial_shops,
          nicolae_lakefront_shop, minmay_tetromino_o2
D:2:      layout_basic

Action                   || total
-------------------------++-------
Melee: Unarmed           ||    57
       Bite              ||    13
  Use: Scroll            ||     2
       Potion            ||     2
 Stab: Sleeping          ||     8
Armor: Robe              ||     6
       Leather armour    ||     2
Dodge: Dodged            ||    30

Table legend: (Time is in decaauts)
 A = Elapsed time spent in this place.
 B = Non-inter-level travel time spent in this place.
 C = Inter-level travel time spent in this place.
 D = Time resting spent in this place.
 E = Time spent auto-exploring this place.
 F = Levels seen in this place.
 G = Mean time per level.
                   A        B        C        D        E       F      G
               +--------+--------+--------+--------+--------+-----+--------+
         Total |   1576 |   1539 |     37 |    509 |    865 |   2 |  788.0 |
       Dungeon |   1576 |   1539 |     37 |    509 |    865 |   2 |  788.0 |
               +--------+--------+--------+--------+--------+-----+--------+

Top non-repeatable levels by time:
     D:1: 1540 daAuts
     D:2: 35 daAuts
